 Dungeon Crawl Stone Soup version 0.22.0-49-gab54619674 (webtiles) character file.

17 JedernureinKreuz the Conjurer (level 2, -2/20 HPs)
             Began as a Gnoll Conjurer on Sept 9, 2018.
             Killed from afar by Terence (13 damage)
             ... with a wand of flame (9)
             ... on level 2 of the Dungeon.
             The game lasted 00:03:04 (908 turns).

JedernureinKreuz the Conjurer (Gnoll Conjurer)       Turns: 908, Time: 00:03:04

Health: -2/20      AC:  4    Str: 10    XL:     2   Next: 62%
Magic:  0/7        EV: 14    Int: 17    God:
Gold:   19         SH:  0    Dex: 15    Spells: 9/10 levels left

rFire    . . .     SeeInvis .   p - +0 whip
rCold    . . .     Gourm    .   (no shield)
rNeg     . . .     Faith    .   q - +0 leather armour
rPois    .         Spirit   .   (no helmet)
rElec    .         Reflect  .   (no cloak)
rCorr    .         Harm     .   (no gloves)
MR       .....                  n - +0 pair of boots
Stlth    ++........             (no amulet)
HPRegen  0.06/turn              (no ring)
MPRegen  0.10/turn              (no ring)

@: lethally poisoned (-2 -> -6)
A: distributed training, fangs 1, strong nose
a: no special abilities


You were on level 2 of the Dungeon.
You were not hungry.

You visited 1 branch of the dungeon, and saw 2 of its levels.

You collected 19 gold pieces.

Inventory:

Hand Weapons
 f - a +0 club
 p - a +0 whip (weapon)
Missiles
 b - 31 stones (quivered)
 h - 22 sling bullets
 k - 14 poisoned needles
Armour
 a - a +0 robe
 l - a +3 ring mail
 n - a +0 pair of boots (worn)
 q - a +0 leather armour (worn)
Scrolls
 i - a scroll of blinking {unknown}
 j - a scroll of fog {unknown}
 m - 2 scrolls of identify {unknown}
Potions
 d - a potion of invisibility {unknown}
 e - 2 potions of curing {unknown}
 g - a potion of mutation {unknown}
Comestibles
 c - 2 rations
 o - 2 chunks of flesh


   Skills:
 + Level 0.4 Fighting
 + Level 0.4 Short Blades
 + Level 0.4 Long Blades
 + Level 0.4 Axes
 + Level 0.4 Maces & Flails
 + Level 0.4 Polearms
 + Level 0.4 Staves
 + Level 0.4 Slings
 + Level 0.4 Bows
 + Level 0.4 Crossbows
 + Level 0.4 Throwing
 + Level 0.4 Armour
 + Level 4.5 Dodging
 + Level 4.1 Stealth
 + Level 0.4 Shields
 + Level 0.4 Unarmed Combat
 + Level 4.9 Spellcasting
 + Level 7.0 Conjurations
 + Level 0.2 Hexes
 + Level 0.2 Charms
 + Level 0.2 Summonings
 + Level 0.2 Necromancy
 + Level 0.2 Translocations
 + Level 0.2 Transmutations
 + Level 0.2 Fire Magic
 + Level 0.2 Ice Magic
 + Level 0.2 Air Magic
 + Level 0.2 Earth Magic
 + Level 0.2 Poison Magic
 + Level 0.5 Invocations
 + Level 0.4 Evocations


You had 9 spell levels left.
You knew the following spells:

 Your Spells              Type           Power        Failure   Level  Hunger
a - Magic Dart            Conj           ####         1%          1    None

Your spell library contained the following spells:

 Spells                   Type           Power        Failure   Level  Hunger
 Searing Ray              Conj           ####..       1%          2    #......
 Iskenderun's Mystic Bla  Conj           ####....     11%         4    ####...
 Dazzling Spray           Conj/Hex       ###...       13%         3    ###....
 Force Lance              Conj/Tloc      ###.....     38%         4    ####...
 Fulminant Prism          Conj/Hex       ###.......   38%         4    ####...


Dungeon Overview and Level Annotations

Branches:
Dungeon (2/15)

Altars:

Annotations:
D:2 Terence


Innate Abilities, Weirdness & Mutations

Your experience applies equally to all skills.
You have very sharp teeth.
Your uncanny sense of smell can sniff out nearby items.


Message History

Terence is severely wounded.
Terence barely misses you.
Casting: Magic Dart (safe; 1% risk of failure)
Confirm with . or Enter, or press ? or * to list all spells.
Aiming: Magic Dart (safe; 1% risk of failure)
Press: ? - help, Shift-Dir - straight line, f/p - Terence
Aim: Terence, wielding a flail, wearing a ring mail and carrying a wand of The magic dart hits Terence.
Terence is severely wounded.
Terence completely misses you.
Casting: Magic Dart (safe; 1% risk of failure)
Confirm with . or Enter, or press ? or * to list all spells.
You don't have enough magic to cast that spell.
Unknown command.
You hit Terence but do no damage.
Terence is severely wounded.
You feel sick. Terence barely misses you.
Terence zaps a wand.
The puff of flame hits you!
Ouch! That really hurt!
You die...

..# #.# #.#
##.#######
#..S#....#
........#@#....#
........#.#....#
.≈≈.....#......#
≈..≈w...##.@...#
...≈...........#+###
⌠≈≈......##........#
≈⌠....... #........#
∆≈≈... ##'##....#
..≈.. #.##....# ..≈.
#..#....### ∆ ≈≈..
##.#......#
#.)......#


You could see Terence.

Vanquished Creatures
  A giant cockroach (D:1)
  3 goblins
  3 hobgoblins
  3 bats (D:1)
  2 frilled lizards (D:1)
  3 kobolds (D:1)
  3 rats (D:1)
18 creatures vanquished.

Notes
Turn   | Place    | Note
-------+----------+-------------------------------------------
     0 | D:1      | JedernureinKreuz the Gnoll Conjurer began the quest for the
                  | Orb.
     0 | D:1      | Reached XP level 1. HP: 13/13 MP: 6/6
   271 | D:1      | Reached XP level 2. HP: 19/19 MP: 4/7
   874 | D:2      | Noticed Terence
   908 | D:2      | Killed from afar by Terence

Action                   || total
-------------------------++-------
Melee: Whip              ||     6
       Club              ||     2
 Cast: Magic Dart        ||    34
Armor: Leather armour    ||     1
Dodge: Dodged            ||    13
